 Dungeon Sprint DCSS version 0.27.1-3-gb3d3a73c9e (webtiles) character file.

Game seed: 5068644161294668489

51932 Eitelfritz the Peltast (level 14, -8/147 HPs)
             Began as a Hill Orc Fighter on Oct 22, 2021.
             Was the Champion of the Shining One.
             Killed from afar by a frost giant (9 damage)
             ... with a bolt of cold
             ... in the Dungeon (Sprint IX: "|||||||||||||||||||||||||||||").
             The game lasted 00:19:04 (4690 turns).

Eitelfritz the Peltast (Hill Orc Fighter)           Turns: 4690, Time: 00:19:04

Health: -8/147     AC: 33    Str: 26      XL:     14   Next: 61%
Magic:  28/28      EV:  9    Int:  7 (9)  God:    the Shining One [******]
Gold:   1575       SH:  0    Dex: 10      Spells: 13/13 levels left

rFire    + . .     SeeInvis +   a - +6 scimitar (flame)
rCold    + . .     Faith    .   c - +0 kite shield
rNeg     + + +     Spirit   .   y - +2 plate armour {rF+}
rPois    .         Reflect  .   J - +2 helmet {SInv}
rElec    .         Harm     .   x - +1 cloak
rCorr    .         Rampage  .   m - +2 pair of gloves
Will     +....     NoTele   +   n - +2 pair of boots
Stlth    ..........             (no amulet)
HPRegen  0.34/turn              I - +3 ring of strength
MPRegen  0.21/turn              H - ring of protection from cold

@: confused, divinely shielded, glowing
A: no striking features
a: Renounce Religion, Divine Shield, Cleansing Flame, Summon Divine Warrior


You were in the Dungeon.
You worshipped the Shining One.
The Shining One was exalted by your worship.
You visited 1 branch You collected 1911 gold pieces.
You spent 336 gold pieces at shops.

Inventory:

Hand Weapons
 a - a +6 scimitar of flaming (weapon)
 b - a +3 eudemon blade of holy wrath
Missiles
 r - 6 atropa-tipped darts (quivered)
 z - a throwing net
 D - 2 curare-tipped darts
 E - 6 javelins
Armour
 c - a +0 kite shield (worn)
 i - a +0 troll leather armour
 m - a +2 pair of gloves (worn)
 n - a +2 pair of boots (worn)
 o - a +0 tower shield
 x - a +1 cloak (worn)
 y - a +2 plate armour of fire resistance (worn)
 J - a +2 helmet of see invisible (worn)
Jewellery
 p - a +3 ring of intelligence
 F - a ring of fire
 G - a ring of ice
 H - a ring of protection from cold (right hand)
 I - a +3 ring of strength (left hand)
Wands
 l - a wand of iceblast (10)
 u - a wand of flame (25)
Scrolls
 j - 2 scrolls of blinking
 k - 2 scrolls of amnesia
 s - 2 scrolls of fog
 t - 2 scrolls of identify
 v - a scroll of fear
 A - 3 scrolls of enchant weapon
 B - a scroll of silence
Potions
 d - 2 potions of might
 e - 6 potions of curing
 f - a potion of heal wounds
 g - 2 potions of haste
 h - 4 potions of magic
 q - a potion of berserk rage
 w - a potion of degeneration {unknown}
 C - a potion of flight {unknown}


   Skills:
 + Level 19.8 Fighting
 + Level 20.1 Long Blades
 + Level 16.8 Armour
 + Level 4.1 Dodging
 + Level 2.0 Stealth
 + Level 20.5 Shields
 * Level 20.3 Invocations


You had 13 spell levels left.
You didn't know any spells.
Your spell library was empty.

Dungeon Overview and Level Annotations

Branches:
Dungeon (1/1)

Altars:
Cheibriados
Dithmenos
Elyvilon
Fedhas
Gozag
Hepliaklqana
Kikubaaqudgha
Makhleb
Nemelex Xobeh
Okawaru
Qazlal
Ru
Sif Muna
Trog
Uskayaw
Vehumet
Wu Jian
Xom
Yredelemnul
Zin
The Shining One
Beogh
Jiyva
Lugonu

Shops:
D ([[?


Message History

The frost giant hits you with a +1 battleaxe of freezing!
* * * LOW HITPOINT WARNING * * *
The frost giant freezes you.
* * * LOW HITPOINT WARNING * * *
Unknown command.
You bump into the unnaturally hard rock wall.
The frost giant hits you with a +1 battleaxe of freezing!
* * * LOW HITPOINT WARNING * * *
The frost giant freezes you.
* * * LOW HITPOINT WARNING * * *
Unknown command.
You feel better.
The glowing orange brain pulsates.
You are confused.
The frost giant hits you but does no damage.
You feel much better. The frost giant casts a spell at you.
The bolt of cold hits you but does no damage.
A spark wasp comes into view.
You bump into the unnaturally hard rock wall.
The spark wasp buzzes angrily.
The glowing orange brain pulsates.
You resist with almost no effort.
The glowing orange brain pulsates ominously.
The frost giant hits you with a +1 battleaxe of freezing!!
* * * LOW HITPOINT WARNING * * *
The frost giant freezes you.
* * * LOW HITPOINT WARNING * * *
You're too confused to move!
The glowing orange brain pulsates.
The frost giant hits you but does no damage.
You bump into the unnaturally hard rock wall.
The frost giant points at you and mumbles some strange words.
The bolt of cold hits you! You resist.
* * * LOW HITPOINT WARNING * * *
You bump into the unnaturally hard rock wall.
The glowing orange brain blinks!
The frost giant gestures at you while chanting.
The bolt of cold hits you! You resist.
You die...

▓▓▓▓▓▓▓▓▓▓▓▓▓▓▓▓▓▓▓▓▓▓▓▓
...............[@CgCJGGy
▓▓▓▓▓▓▓▓▓▓▓▓▓▓▓▓▓▓▓▓▓▓▓▓▓▓▓▓▓▓▓▓▓
.................)....)..........
▓▓▓▓▓▓▓▓▓▓▓▓▓▓▓▓▓▓▓▓▓▓▓▓♣♣♣♣♣♣♣♣♣
..............†.†.......[)†..†...
▓▓▓▓▓▓▓▓▓▓▓▓▓▓▓▓▓▓▓▓▓▓▓▓♣♣♣♣♣♣♣♣♣
..............)..................
▓▓▓▓▓▓▓▓▓▓▓▓▓▓▓▓▓▓▓▓▓▓▓▓▓▓▓▓▓▓▓▓▓
........'.....))).)))).[[[[[[[[.!


You could see a frost giant, a stone giant, a spark wasp, 2 glowing orange
brains, an endoplasm (summoned) and a goblin (summoned).

Vanquished Creatures
  Frances (D)
  Donald (D)
  A nagaraja (D)
  A fire giant (D)
  A fenstrider witch (D)
  3 stone giants (D)
  A spriggan defender (D)
  Nessos (D)
  A bunyip (D)
  3 ettins (D)
  A merfolk javelineer (D)
  2 fire dragons (D)
  An ogre mage (D)
  A ghost crab (D)
  2 hydras (D)
  A rakshasa (D)
  2 boulder beetles (D)
  2 two-headed ogres (D)
  3 death yaks (D)
  An alligator (D)
  A deep troll earth mage (D)
  8 orc high priests (D)
  A spriggan (D)
  A goliath frog (D)
  2 sea snakes (D)
  A bog body (D)
  A harpy (D)
  A wizard (D)
  4 orc knights (D)
  A deep elf pyromancer (D)
  A mana viper (D)
  3 ugly things (D)
  A manticore (D)
  3 cyclopes (D)
  Maurice (D)
  A torpor snail (D)
  A black mamba (D)
  3 cane toads (D)
  A komodo dragon (D)
  2 merfolk (D)
  A polar bear (D)
  2 trolls (D)
  2 hornets (D)
  A wind drake (D)
  2 slime creatures (D)
  2 tyrant leeches (D)
  A snapping turtle (D)
  3 redbacks (D)
  4 tarantellas (D)
  A shadow (D)
  Grum (D)
  A basilisk (D)
  3 water moccasins (D)
  A boggart (D)
  5 wolves (D)
  9 orc warriors (D)
  6 bullfrogs (D)
  A howler monkey (D)
  8 orc priests (D)
  2 iguanas (D)
  4 orc wizards (D)
  A white imp (D)
  An adder zombie (D)
  A dart slug (D)
  6 orcs (D)
  A bat zombie (D)
  An endoplasm (D)
  A hobgoblin (D)
  A ball python (D)
  A ball python zombie (D)
  A rat (D)
143 creatures vanquished.

Vanquished Creatures (collateral kills)
  A naga warrior (D)
  A catoblepas (D)
  2 death yaks (D)
  3 shock serpents (D)
  A naga sharpshooter (D)
  Sonja (D)
  A salamander mystic (D)
  A naga mage (D)
  2 yaks (D)
13 creatures vanquished.

Grand Total: 156 creatures vanquished

Notes
Turn   | Place    | Note
-------+----------+-------------------------------------------
     0 | D        | Eitelfritz the Hill Orc Fighter began the quest for the
                  | Orb.
     0 | D        | Reached XP level 1. HP: 19/19 MP: 1/1
    20 | D        | Reached XP level 2. HP: 22/27 MP: 2/2
    77 | D        | Noticed a howler monkey
    82 | D        | Reached skill level 5 in Fighting
    82 | D        | Reached skill level 5 in Shields
    82 | D        | Reached XP level 3. HP: 34/36 MP: 3/3
    91 | D        | Reached skill level 5 in Armour
    97 | D        | Reached XP level 4. HP: 35/42 MP: 4/4
   109 | D        | Found a roughly hewn altar of Beogh.
   109 | D        | Found a snail-covered altar of Cheibriados.
   109 | D        | Found a shadowy altar of Dithmenos.
   109 | D        | Found a white marble altar of Elyvilon.
   109 | D        | Found a blossoming altar of Fedhas.
   109 | D        | Found an opulent altar of Gozag.
   110 | D        | Found a hazy altar of Hepliaklqana.
   111 | D        | Found a viscous altar of Jiyva.
   112 | D        | Found an ancient bone altar of Kikubaaqudgha.
   113 | D        | Found a corrupted altar of Lugonu.
   114 | D        | Found a burning altar of Makhleb.
   115 | D        | Found a sparkling altar of Nemelex Xobeh.
   116 | D        | Found an iron altar of Okawaru.
   117 | D        | Found a stormy altar of Qazlal.
   118 | D        | Found a sacrificial altar of Ru.
   119 | D        | Found a shimmering blue altar of Sif Muna.
   120 | D        | Found a bloodstained altar of Trog.
   121 | D        | Found a hide-covered altar of Uskayaw.
   122 | D        | Found a radiant altar of Vehumet.
   123 | D        | Found an ornate altar of the Wu Jian Council.
   124 | D        | Found a shimmering altar of Xom.
   125 | D        | Found a basalt altar of Yredelemnul.
   126 | D        | Found a glowing silver altar of Zin.
   127 | D        | Found a glowing golden altar of the Shining One.
   135 | D        | Became a worshipper of the Shining One
   192 | D        | Reached * piety under the Shining One
   192 | D        | Noticed a two-headed ogre
   192 | D        | Noticed a shadow
   192 | D        | Noticed a two-headed ogre
   192 | D        | Reached ** piety under the Shining One
   205 | D        | Killed a two-headed ogre
   206 | D        | Reached skill level 1 in Dodging
   206 | D        | Reached XP level 5. HP: 54/57 MP: 5/5
   206 | D        | Reached XP level 6. HP: 59/63 MP: 6/6
   206 | D        | Reached XP level 7. HP: 66/70 MP: 7/7
   208 | D        | Killed a shadow
   209 | D        | Reached skill level 10 in Long Blades
   209 | D        | Reached skill level 10 in Shields
   209 | D        | Reached XP level 8. HP: 75/78 MP: 8/8
   214 | D        | Killed a two-headed ogre
   215 | D        | Reached skill level 10 in Fighting
   215 | D        | Reached skill level 10 in Armour
   216 | D        | Reached *** piety under the Shining One
   439 | D        | Noticed a cyclops
   439 | D        | Noticed a boulder beetle
   439 | D        | Reached **** piety under the Shining One
   439 | D        | Noticed a slime creature
   439 | D        | Noticed a troll
   439 | D        | Noticed a purple ugly thing
   439 | D        | Noticed a troll
   446 | D        | Killed a cyclops
   447 | D        | Reached XP level 9. HP: 40/86 MP: 5/11
   465 | D        | Killed a boulder beetle
   466 | D        | Reached skill level 5 in Invocations
   471 | D        | Reached skill level 1 in Stealth
   474 | D        | Killed a troll
   482 | D        | Killed a purple ugly thing
   483 | D        | Reached XP level 10. HP: 48/96 MP: 9/15
   785 | D        | Reached ***** piety under the Shining One
   785 | D        | Noticed a black mamba
   804 | D        | Killed a black mamba
   805 | D        | Noticed a cane toad
   814 | D        | Killed a cane toad
   927 | D        | Noticed a seven-headed hydra
   927 | D        | Noticed a cane toad
   927 | D        | Noticed a cane toad
   927 | D        | Noticed a boulder beetle
   936 | D        | Killed a three-headed hydra
   941 | D        | Killed a cane toad
   945 | D        | Killed a cane toad
   946 | D        | Reached skill level 15 in Long Blades
   947 | D        | Reached skill level 10 in Invocations
   957 | D        | Reached XP level 11. HP: 47/107 MP: 16/18
   964 | D        | Killed a boulder beetle
  1189 | D        | Noticed a death yak
  1189 | D        | Noticed a death yak
  1189 | D        | Reached ****** piety under the Shining One
  1189 | D        | Noticed a death yak
  1189 | D        | Noticed a catoblepas
  1190 | D        | Noticed a death yak
  1196 | D        | Killed a death yak
  1197 | D        | Noticed a death yak
  1203 | D        | Killed a death yak
  1232 | D        | Killed a death yak
  1262 | D        | Killed a catoblepas
  1266 | D        | Killed a death yak
  1270 | D        | Killed a death yak
  1596 | D        | Noticed Grum
  1604 | D        | Killed Grum
  1649 | D        | Noticed Maurice
  1667 | D        | Killed Maurice
  1742 | D        | Noticed an orc knight
  1747 | D        | Killed an orc knight
  1769 | D        | Reached skill level 15 in Shields
  1827 | D        | Noticed an orc knight
  1838 | D        | Noticed an orc knight
  1839 | D        | Killed an orc knight
  1843 | D        | Noticed an orc knight
  1856 | D        | Killed an orc knight
  1857 | D        | Reached XP level 12. HP: 86/118 MP: 21/21
  1869 | D        | Reached skill level 15 in Fighting
  2135 | D        | Found Mextu's Antique Weapon Emporium.
  2135 | D        | Noticed an orc high priest
  2135 | D        | Noticed an orc high priest
  2135 | D        | Noticed an orc high priest
  2136 | D        | Noticed an orc high priest
  2139 | D        | Killed an orc high priest
  2148 | D        | Noticed a sun demon
  2156 | D        | Killed an orc high priest
  2162 | D        | Killed an orc high priest
  2165 | D        | Found Loiruhor's Antique Armour Shoppe.
  2166 | D        | Noticed a soul eater
  2169 | D        | Killed an orc high priest
  2173 | D        | Found Ihuwkin's Armour Emporium.
  2179 | D        | Noticed an orc high priest
  2180 | D        | Found Juwofey's Magic Scroll Shoppe.
  2182 | D        | Noticed an orc high priest
  2183 | D        | Noticed a soul eater
  2185 | D        | Noticed an orc high priest
  2187 | D        | Killed an orc high priest
  2188 | D        | Noticed an orc high priest
  2189 | D        | Noticed a soul eater
  2210 | D        | Killed an orc high priest
  2224 | D        | Killed an orc high priest
  2238 | D        | Noticed a soul eater
  2238 | D        | Killed an orc high priest
  2565 | D        | Bought a +0 tower shield for 45 gold pieces
  2567 | D        | Bought a scroll of enchant armour for 97 gold pieces
  2567 | D        | Bought a scroll of enchant weapon for 97 gold pieces
  2567 | D        | Bought a scroll of silence for 97 gold pieces
  2648 | D        | Noticed Sonja
  2654 | D        | Killed Sonja
  2655 | D        | Reached skill level 15 in Invocations
  2795 | D        | Identified a +3 eudemon blade of holy wrath (a +1 demon
                  | blade of freezing blessed by the Shining One)
  2795 | D        | Received a gift from the Shining One
  2801 | D        | Noticed a five-headed hydra
  2807 | D        | Noticed an ogre mage
  2820 | D        | Killed a two-headed hydra
  2821 | D        | Noticed an ettin
  2825 | D        | Noticed a rakshasa
  2829 | D        | Killed an ogre mage
  2844 | D        | Killed an ettin
  2845 | D        | Reached XP level 13. HP: 125/130 MP: 21/25
  2847 | D        | Noticed an ettin
  2856 | D        | Killed a rakshasa
  2865 | D        | Killed an ettin
  3013 | D        | Noticed a stone giant
  3021 | D        | Killed a stone giant
  3022 | D        | Reached skill level 15 in Armour
  3101 | D        | Noticed Nessos
  3110 | D        | Killed Nessos
  3195 | D        | Paralysed by a hornet for 2 turns
  3282 | D        | Noticed a bunyip
  3282 | D        | Noticed a fenstrider witch
  3292 | D        | Killed a bunyip
  3310 | D        | Killed a fenstrider witch
  3379 | D        | Noticed a merfolk javelineer
  3418 | D        | Killed a merfolk javelineer
  3423 | D        | Reached XP level 14. HP: 75/144 MP: 27/27
  3631 | D        | Noticed a nagaraja
  3650 | D        | Killed a nagaraja
  4164 | D        | Noticed Frances
  4193 | D        | Killed Frances
  4297 | D        | Noticed Donald
  4321 | D        | Killed Donald
  4621 | D        | Noticed a stone giant
  4621 | D        | Noticed a stone giant
  4621 | D        | Noticed a spriggan defender
  4629 | D        | Killed a stone giant
  4634 | D        | Noticed a fire giant
  4640 | D        | Noticed a frost giant
  4644 | D        | Killed a stone giant
  4662 | D        | Killed a spriggan defender
  4673 | D        | Noticed a stone giant
  4677 | D        | Killed a fire giant
  4684 | D        | HP: 7/147 [frost giant (2)]
  4689 | D        | HP: 1/147 [frost giant/bolt of cold (15)]
  4690 | D        | Killed from afar by a frost giant

Illustrated notes

Levels and vault maps discovered:
D:        linesprint [early_d, line_temple, items_1, d_10, items_2, lair_1,
          lair_end, items_3, orc_1, orc_end, items_4, d_15, swamp_1, shoals_1,
          snake_1, spider_1, d_20, vaults_1, items_5, swamp_end, shoals_end,
          snake_end, spider_end, vaults_end, d_27, items_6, zot_1, zot_end,
          crypt_end, forest_end, elf_end, slime_end, tomb_end, abyss_end,
          pan_hell_end]

Skill      XL: |  1  2  3  4  5  6  7  8  9 10 11 12 13 14 |
---------------+-------------------------------------------+-----
Fighting       | 4 5 9 10 11 13 14 16 18 19 | 19.8
Shields        | 4 5 9 10 11 13 15 16 18 20 | 20.5
Long Blades    | 3 4 9 10 12 13 15 16 17 19 20 | 20.1
Armour         | 4 5 9 11 12 14 16 | 16.8
Dodging        | 1 2 3 4 |  4.1
Invocations    | 3 7 10 13 16 18 20 | 20.3
Stealth        | 1 2 |  2.0

Action                   |  1- 3 |  4- 6 |  7- 9 | 10-12 | 13-15 || total
-------------------------+-------+-------+-------+-------+-------++-------
Melee: Long sword        |    33 |     6 |       |       |       ||    39
       Scimitar          |       |     8 |    55 |   310 |   251 ||   624
       Eudemon blade     |       |       |       |       |    25 ||    25
Invok: Divine Shield     |       |       |     1 |     7 |     3 ||    11
       Summon Divine War |       |       |       |     2 |     1 ||     3
       Cleansing Flame   |       |       |       |     1 |       ||     1
       Brand Weapon With |       |       |       |     1 |       ||     1
  Use: Potion            |     1 |     2 |       |       |     7 ||    10
       Scroll            |       |       |       |     9 |       ||     9
Armor: Scale mail        |    10 |     2 |       |       |       ||    12
       Chain mail        |       |     1 |    10 |    30 |       ||    41
       Plate armour      |       |       |       |    21 |    79 ||   100
Dodge: Dodged            |    13 |     2 |     8 |    33 |    35 ||    91
Block: Kite shield       |    11 |    10 |    27 |   150 |   172 ||   370
       Rpst.: Long sword |     7 |     1 |       |       |       ||     8
       Scimitar          |       |     1 |     3 |     9 |     3 ||    16
